AoeStats
← Pepim14

Highland

506562832Analyzed
4v4 RM · 18d ago on Sep 14, 2026· 48m 1s· 8 players
Game mode
Random Map
Map size
Large (8 player)
Population
200
Speed
Normal
Resources
Standard
Victory
Conquest
Starting age
Dark Age
Ending age
Imperial Age
RankedLock teamsTeams togetherTeam positionsShared explorationLock speedFull tech treeHidden civsTurbo modeCheats
Victory
Defeat
🇨🇳 Franks · China
1108
+15
🇨🇱 Hindustanis · Chile
1063
+17
🇨🇱 Koreans · Chile
1042
+18
🇨🇱 Italians · Chile
964
+22
🇬🇷 Maya · Greece
1135
-20
🇦🇷 Malay · Argentina
1101
-19
🇺🇸 Saracens · United States
1085
-18
🇧🇷 Franks · Brazil
1027
-30
moonmichael
5:23 Loom
13:53 Feudal Age
18:38 Castle Age
20:12 Wheelbarrow
20:40 Double-Bit Axe
24:35 Hand Cart
26:19 Caravan
27:21 Bow Saw
27:31 Stone Mining
28:59 Gold Mining
28:56 Horse Collar
30:54 Gold Shaft Mining
32:17 Forging
32:13 Scale Barding Armor
35:45 Imperial Age
34:09 Iron Casting
33:42 Husbandry
34:00 Bloodlines
36:13 Chain Barding Armor
36:22 Elite Mameluke
37:23 Conscription
38:08 Blast Furnace
37:49 Plate Barding Armor
47:07 Coinage
Arch of Titus
12:24 Feudal Age
21:37 Castle Age
21:50 Wheelbarrow
22:56 Stone Mining
23:14 Gold Mining
23:46 Husbandry
30:39 Caravan
34:27 Imperial Age
33:17 Scale Barding Armor
33:19 Loom
33:51 Double-Bit Axe
35:03 Chain Barding Armor
37:30 Masonry
37:26 Murder Holes
37:03 Cavalier
39:04 Plate Barding Armor
40:01 Paladin
42:56 Hand Cart
42:29 Town Watch
43:15 Forging
44:13 #83
44:39 Iron Casting
44:14 Elite Throwing Axeman
45:33 Scale Mail Armor
46:38 Blast Furnace
Pepim14
0:26 Loom
13:07 Feudal Age
12:59 Double-Bit Axe
17:01 Wheelbarrow
17:48 Gold Mining
21:36 Castle Age
20:01 Stone Mining
20:49 Town Watch
21:34 Medium Warships
22:16 Stone Shaft Mining
22:11 Bow Saw
24:27 Hand Cart
25:19 Demolition Ship
29:08 Thalassocracy
31:52 Gold Shaft Mining
30:59 Horse Collar
32:46 Masonry
32:18 Treadmill Crane
33:55 Forging
35:25 Caravan
36:29 Fletching
39:56 Imperial Age
37:51 Heavy Plow
40:03 Crop Rotation
39:45 Guilds
40:40 Chemistry
40:48 Man-at-Arms
41:14 Arson
41:32 Squires
42:13 Iron Casting
42:00 Conscription
41:40 Forced Levy
41:44 Pikeman
43:57 Long Swordsman
43:59 Halberdier
46:58 Blast Furnace
Madeft
0:27 Loom
12:02 Feudal Age
15:57 Castle Age
14:01 Double-Bit Axe
13:57 Horse Collar
20:42 Wheelbarrow
20:07 Town Watch
23:31 Caravan
27:08 Gold Mining
27:08 Stone Mining
27:31 Bow Saw
27:23 Heavy Plow
29:08 Stone Shaft Mining
32:13 Imperial Age
30:09 Hand Cart
31:04 Fletching
31:15 Padded Archer Armor
31:16 Scale Mail Armor
31:27 Forging
32:43 Bodkin Arrow
33:04 Leather Archer Armor
32:46 Elite Plumed Archer
34:03 Hoardings
33:52 Conscription
34:54 Two-Man Saw
34:29 Crop Rotation
34:16 Masonry
34:28 Ballistics
34:52 Bracer
35:52 Hul'che Javelineers
36:25 Holcans
37:01 Ring Archer Armor
36:47 Chain Mail Armor
38:07 Iron Casting
38:46 Chemistry
38:18 Architecture
37:25 Capped Ram
38:18 Siege Ram
38:21 Pikeman
38:23 Eagle Warrior
38:50 Arson
39:06 Squires
39:49 Plate Mail Armor
42:29 Elite Eagle Warrior
42:39 Onager
abramix12
4:28 Loom
13:42 Feudal Age
15:48 Double-Bit Axe
23:32 Castle Age
23:52 Pikeman
29:47 Stone Mining
30:46 Scale Mail Armor
30:57 Forging
30:48 Padded Archer Armor
32:55 Coinage
32:11 Horse Collar
33:44 Ballistics
34:46 Crossbowman
35:09 Treadmill Crane
35:28 Murder Holes
38:59 Leather Archer Armor
39:36 Iron Casting
39:44 Bow Saw
41:41 Town Watch
42:34 Wheelbarrow
46:15 Imperial Age
44:57 Town Patrol
47:41 Pirotechnia
LCsLA Skoll
7:49 Loom
9:38 Feudal Age
17:21 Castle Age
19:38 Double-Bit Axe
20:25 Horse Collar
20:58 Bow Saw
29:26 Imperial Age
28:07 Heavy Plow
29:06 Wheelbarrow
28:19 Town Watch
32:04 Two-Man Saw
30:59 Gold Mining
31:03 Stone Mining
32:34 Chemistry
31:54 Ballistics
31:37 Fletching
31:57 Siege Engineers
32:11 Hand Cart
31:56 Town Patrol
33:08 Gold Shaft Mining
33:09 Stone Shaft Mining
32:40 Caravan
33:13 Coinage
32:50 Bodkin Arrow
34:07 Conscription
33:56 Bracer
34:05 Scale Barding Armor
34:32 Shatagni
34:38 Grand Trunk Road
38:35 Banking
39:36 Chain Barding Armor
40:13 Husbandry
40:23 Bloodlines
39:34 Heavy Camel Rider
40:58 Plate Barding Armor
40:34 Forging
42:09 Hoardings
41:07 Imperial Camel Rider
LavMani
12:46 Feudal Age
14:31 Double-Bit Axe
15:11 Gold Mining
17:59 Horse Collar
20:59 Castle Age
18:47 Loom
19:41 Fletching
20:19 Town Watch
22:43 Bodkin Arrow
25:33 Bow Saw
32:48 Gold Shaft Mining
32:51 Heavy Plow
33:32 Wheelbarrow
33:12 Caravan
35:36 Ballistics
37:51 Imperial Age
38:27 Heated Shot
38:22 Elite Turtle Ship
40:49 Chemistry
45:32 Hand Cart
45:53 Coinage
45:35 Guilds
45:50 Fortified Wall
45:26 Arrowslits
46:17 Elite Cannon Galleon
游离
11:48 Feudal Age
15:29 Castle Age
15:28 Double-Bit Axe
23:16 Bow Saw
24:33 Wheelbarrow
25:50 Loom
29:02 Hand Cart
31:44 Imperial Age
29:29 Town Watch
30:21 Gold Mining
30:23 Stone Mining
31:52 Husbandry
32:00 Scale Barding Armor
32:05 Forging
32:07 Cavalier
33:11 Chain Barding Armor
33:30 Paladin
34:49 Plate Barding Armor
34:49 Iron Casting
36:30 Blast Furnace
35:52 Fletching
36:04 Scale Mail Armor
37:08 Chemistry
36:46 Caravan
37:20 Coinage
36:31 Capped Ram
39:01 Banking
39:25 Conscription
46:34 Chain Mail Armor
46:20 Padded Archer Armor
46:45 Chivalry
Connection lost

Rejoining the realm…

Still unreachable

The connection could not be restored.

Session expired

The server has moved on; the page needs a fresh start.